 Dungeon Crawl Stone Soup version 0.29.1-13-g9f3cf754e1 (webtiles) character file.

Game seed: 17890426822386833821

133 tizbic2 the Caller (level 5, -6/50 HPs)
             Began as an Ogre Summoner on Feb 8, 2023.
             Mangled by an ogre
             ... wielding a +0 giant club
              (22 damage)
             ... on level 3 of the Dungeon on Feb 9, 2023.
             The game lasted 00:14:20 (2385 turns).

tizbic2 the Caller (Ogre Summoner)                  Turns: 2385, Time: 00:14:20

Health: -6/50      AC:  3    Str: 12    XL:     5   Next: 16%
Magic:  16/19      EV:  9    Int: 18    God:
Gold:   145        SH:  4    Dex:  9    Spells: 6/10 levels left

rFire   . . .      SeeInvis .   e - +0 hand axe (protect)
rCold   . . .      Faith    .   (no shield)
rNeg    . . .      Spirit   .   j - +0 robe
rPois   .          Reflect  .   (helmet restricted)
rElec   .          Harm     .   (no cloak)
rCorr   .          Rampage  .   (gloves unavailable)
Will    +....                   (boots unavailable)
Stlth   +.........              (no amulet)
HPRegen 0.16/turn               a - ring of willpower
MPRegen 0.16/turn               t - ring of magical power

@: no status effects
A: large, unfitting armour, tough skin 1, large bone plates 1, sense
surroundings 1
a: no special abilities


You were on level 3 of the Dungeon.
You visited 1 branch of the dungeon, and saw 3 of its levels.

You collected 145 gold pieces.

Inventory:

Hand Weapons
 d - a +0 sling
 e - a +0 hand axe of protection (weapon)
 k - a +2 vampiric dagger
 r - a +1 dagger of freezing
Armour
 j - a +0 robe (worn)
Magical Staves
 i - a staff of conjuration
Jewellery
 a - a ring of willpower (left hand)
 o - a +6 ring of dexterity
 t - a ring of magical power (right hand)
Wands
 u - a wand of digging (5)
Scrolls
 c - a scroll of vulnerability
 v - a scroll of immolation {unknown}
 w - a scroll of magic mapping {unknown}
Potions
 b - a potion of magic
 f - 2 potions of mutation
 g - a potion of attraction {unknown}
 l - a potion of lignification {unknown}
 m - a potion of berserk rage {unknown}
 n - a potion of flight {unknown}
 p - 2 potions of heal wounds {unknown}
 q - a potion of curing
 s - 2 potions of might {unknown}


   Skills:
 + Level 2.5 Fighting
 - Level 1.7 Dodging
 - Level 1.4 Stealth
 + Level 3.3 Spellcasting
 + Level 4.1 Summonings
 * Level 2.5 Air Magic


You had 6 spell levels left.
You knew the following spells:

 Your Spells              Type           Power      Damage    Failure   Level
a - Summon Small Mammal   Summ           68%        N/A       3%          1
b - Call Canine Familiar  Summ           17%        N/A       9%          3

Your spell library contained the following spells:

 Spells                   Type           Power      Damage    Failure   Level
 Call Imp                 Summ           17%        N/A       4%          2
 Summon Guardian Golem    Hex/Summ       10%        N/A       21%         3
 Summon Lightning Spire   Summ/Air       14%        N/A       38%         4


Dungeon Overview and Level Annotations

Branches:
Dungeon (3/15)

Altars:
Kikubaaqudgha
Nemelex Xobeh

Annotations:
D:2 1 runed translucent door, Crazy Yiuf


Innate Abilities, Weirdness & Mutations

You are too large for most types of armour.
You have tough skin. (AC +1)
You are partially covered in large bone plates. (SH +4)
You passively map a small area around you.


Message History

Attack!
The bat hits your hound.
Your hound closely misses the bat.
You hit the ogre.
The ogre is lightly wounded.
The ogre hits you with a +0 giant club!!
* * * LOW HITPOINT WARNING * * *
You block the bat's attack.
Okay, then.
The bat hits you but does no damage.
Your hound barely misses the bat.
Your hound bites the bat.
The ogre barely misses you. The bat hits you but does no damage.
Your hound bites the bat.
The bat dies!
Your hound bites the ogre but does no damage.
Your hound barely misses the ogre.
A goblin comes into view. It is wielding a +0 dagger.
The goblin shouts!
Your hound bites the ogre.
As you read the scroll of teleportation, it crumbles to dust.
You feel strangely unstable.
Your hound bites the ogre.
The ogre closely misses your hound.
Your hound bites the ogre. x2
The ogre barely misses your hound.
Your hound bites the ogre but does no damage.
Your surroundings suddenly seem different.
You start resting.
Magic restored.
You start resting.
Your hound disappears in a puff of smoke!
A goblin is nearby!
You start resting.
A goblin is nearby!
You slash the goblin!
Your weapon exudes an aura of protection.
You kill the goblin!
You start resting.
An ogre is nearby!
The ogre shouts!
Casting: Call Canine Familiar (dangerous; 9% risk of failure)
Confirm with . or Enter, or press ? or * to list all spells.
The ogre hits you with a +0 giant club!!
You die...

#... # * * * #...#
.# , #...# #.##.# *
. #...###.##.# *
.##..........## * *
..............# , ,
..##..........#### *
...g...##.##...h.#,*
.......# ##..##@#,
.......# , #...#O#,
..#.O..#*#...#.).#
#*#.h..####..#.###
#...?......... ,
#.†...#######. * *
#........... ..,, ,,
* #.....###### #. *
, #.....# #.*


You could see an ogre (ally target) and a friendly hound (summoned).

Vanquished Creatures
  Jessica (D:3)
  Robin (D:2)
  An adder (D:2)
  2 dart slugs
  A bat (D:1)
  4 endoplasms
  3 giant cockroaches
  10 goblins
  3 hobgoblins
  2 kobolds
  2 ball pythons (D:2)
  3 frilled lizards
  2 rats (D:2)
35 creatures vanquished.

Vanquished Creatures (collateral kills)
  An iguana (D:3)
  2 endoplasms
  4 goblins
  2 hobgoblins (D:2)
  A quokka (D:2)
  2 ball pythons (D:2)
  A bat (D:3)
  A frilled lizard (D:1)
  A kobold (D:2)
15 creatures vanquished.

Vanquished Creatures (others)
  4 fungi (D:2)
4 creatures vanquished.

Grand Total: 54 creatures vanquished

Notes
Turn   | Place    | Note
-------+----------+-------------------------------------------
     0 | D:1      | tizbic2 the Ogre Summoner began the quest for the Orb.
     0 | D:1      | Reached XP level 1. HP: 16/16 MP: 3/3
   363 | D:1      | Reached XP level 2. HP: 26/26 MP: 2/5
   505 | D:1      | Reached skill level 1 in Air Magic
   507 | D:1      | Reached skill level 1 in Fighting
   627 | D:2      | Found an ancient bone altar of Kikubaaqudgha.
   980 | D:2      | Noticed Robin
   984 | D:2      | Gained mutation: You passively map a small area around you.
                  | [potion of mutation]
   984 | D:2      | Gained mutation: You are partially covered in large bone
                  | plates. (SH +4) [potion of mutation]
  1002 | D:2      | Reached XP level 3. HP: 33/33 MP: 7/7
  1027 | D:2      | Killed Robin
  1097 | D:2      | Learned a level 3 spell: Call Canine Familiar
  1308 | D:2      | Found a runed translucent door.
  1309 | D:2      | Noticed Crazy Yiuf
  1578 | D:2      | Reached XP level 4. HP: 42/42 MP: 4/8
  1668 | D:2      | Found a faded altar of an unknown god.
  2104 | D:3      | Noticed Jessica
  2129 | D:3      | Killed Jessica
  2130 | D:3      | Reached skill level 4 in Summonings
  2178 | D:3      | Reached XP level 5. HP: 44/50 MP: 9/9
  2188 | D:3      | Found a sparkling altar of Nemelex Xobeh.
  2345 | D:3      | Noticed an ogre
  2385 | D:3      | Mangled by an ogre

Illustrated notes

Levels and vault maps discovered:
D:1:      dpeg_arrival_arbitrary_c, layout_loops_ring
D:2:      layout_basic, shapermc_ecumenical_altar_mp_highgroup, basic_altar,
          mrwooster_statue_mirror, uniq_crazy_yiuf_cottage, uniq_robin
D:3:      layout_basic, nemelex_diamond_rough_becter, serial_shops,
          nicolae_lakefront_shop, amcnicky_mini_rare_corridor_liquid,
          uniq_jessica

Skill      XL: |  1  2  3  4 |
---------------+-------------+-----
Air Magic      | 1 2 |  2.5
Fighting       | 1 2 |  2.5
Spellcasting   | 3 |  3.3
Summonings     | 4 |  4.1
Dodging        | |  1.7
Stealth        | |  1.4

Action                   |  1- 3 |  4- 6 || total
-------------------------+-------+-------++-------
Melee: Hand axe          |    78 |    16 ||    94
       Dagger            |    20 |    23 ||    43
       Staff             |       |     3 ||     3
       Punch             |       |     1 ||     1
 Fire: Sling             |       |    14 ||    14
 Cast: Summon Small Mamm |    21 |       ||    21
       Call Canine Famil |     4 |     5 ||     9
  Use: Scroll            |     3 |     2 ||     5
       Potion            |     3 |       ||     3
 Stab: Sleeping          |     2 |       ||     2
Armor: Robe              |    41 |    12 ||    53
Dodge: Dodged            |    59 |    22 ||    81
Block: Other             |     9 |     8 ||    17
